 Dungeon Crawl Stone Soup version 0.28.0-43-g3370ac3207 (webtiles) character file.

Game seed: 15528731612744913959

37 Pemander the Sneak (level 3, 0/16 HPs)
             Began as a Spriggan Enchanter on Mar 22, 2022.
             Slain by a kobold
             ... wielding a +0 short sword of electrocution
              (2 damage)
             ... on level 2 of the Dungeon.
             The game lasted 00:04:14 (2200 turns).

Pemander the Sneak (Spriggan Enchanter)             Turns: 2200, Time: 00:04:14

Health: 0/16       AC:  2    Str:  6    XL:     3   Next: 21%
Magic:  2/8        EV: 17    Int: 16    God:
Gold:   70         SH:  0    Dex: 15    Spells: 4/7 levels left

rFire   . . .      SeeInvis +   a - +1 dagger
rCold   . . .      Faith    .   (no shield)
rNeg    . . .      Spirit   .   b - +0 robe
rPois   .          Reflect  .   (helmet restricted)
rElec   .          Harm     .   (no cloak)
rCorr   .          Rampage  .   (gloves unavailable)
Will    .....                   (boots unavailable)
Stlth   +++.......              (no amulet)
HPRegen 0.05/turn               (no ring)
MPRegen 0.11/turn               (no ring)

@: very slightly contaminated, very quick
A: very small, no large weapons, unfitting armour, see invisible, speed 3
a: no special abilities


You were on level 2 of the Dungeon.
You visited 1 branch of the dungeon, and saw 2 of its levels.

You collected 70 gold pieces.

Inventory:

Hand Weapons
 a - a +1 dagger (weapon)
Armour
 b - a +0 robe (worn)
Scrolls
 e - a scroll of brand weapon {unknown}
 g - a scroll of amnesia {unknown}
 i - a scroll of identify {unknown}
 j - a scroll of enchant armour {unknown}
Potions
 c - a potion of invisibility
 d - a potion of curing {unknown}
 f - a potion of degeneration {unknown}
 h - a potion of ambrosia {unknown}


   Skills:
 + Level 2.1 Short Blades
 - Level 2.6 Dodging
 + Level 5.2 Stealth
 + Level 2.6 Spellcasting
 - Level 4.2 Hexes


You had 4 spell levels left.
You knew the following spells:

 Your Spells              Type           Power      Damage    Failure   Level
a - Ensorcelled Hibernat  Hex/Ice        16%        N/A       12%         2
b - Summon Small Mammal   Summ           8%         N/A       19%         1

Your spell library contained the following spells:

 Spells                   Type           Power      Damage    Failure   Level
 Confusing Touch          Hex            15%        N/A       10%         3
 Tukima's Dance           Hex            15%        N/A       10%         3
 Dazzling Flash           Conj/Hex       16%        N/A       24%         3
 Summon Guardian Golem    Hex/Summ       8%         N/A       24%         3
 Call Canine Familiar     Summ           2%         N/A       50%         3


Dungeon Overview and Level Annotations

Branches:
Dungeon (2/15)

Altars:

Shops:
D:2 :


Innate Abilities, Weirdness & Mutations

You are very small and have problems with some larger weapons.
You are too small for most types of armour.
You have supernaturally acute eyesight. (SInv)
You cover ground extremely quickly. (Speed+++)


Message History

Your bat hits the kobold but does no damage.
Your bat barely misses the kobold.
Your bat hits the kobold but does no damage.
The kobold hits your bat with a +0 short sword of electrocution.
Your bat dies!
Your bat's corpse disappears in a puff of smoke!
The kobold shouts!
j - a scroll labelled SORIMMUSUP
Found a plate armour.
Found a dark potion.
You see here 30 bolts.
You see here a +0 plate armour.
You see here a +0 flail.
Casting: Summon Small Mammal (safe; 19% risk of failure)
Confirm with . or Enter, or press ? or * to list all spells.
Aiming: Ensorcelled Hibernation (safe; 12% risk of failure)
Press: ? - help, Shift-Dir - straight line, f/p - kobold
Aim: a kobold, wielding a +0 short sword of electrocution (chance to affect: 59%)
Okay, then.
Casting: Ensorcelled Hibernation (safe; 12% risk of failure)
Confirm with . or Enter, or press ? or * to list all spells.
Aiming: Ensorcelled Hibernation (safe; 12% risk of failure)
Press: ? - help, Shift-Dir - straight line, f/p - kobold
Aim: a kobold, wielding a +0 short sword of electrocution (chance to affect: 59%)
You miscast Ensorcelled Hibernation.
You are very lightly contaminated with residual magic.
Nothing appears to happen.
Casting: Ensorcelled Hibernation (safe; 12% risk of failure)
Confirm with . or Enter, or press ? or * to list all spells.
Aiming: Ensorcelled Hibernation (safe; 12% risk of failure)
Press: ? - help, Shift-Dir - straight line, f/p - kobold
Aim: a kobold, wielding a +0 short sword of electrocution (chance to affect: 59%)
The kobold looks drowsy...
The kobold shouts!
The kobold hits you but does no damage.
You are electrocuted!
Ouch! That really hurt!
* * * LOW HITPOINT WARNING * * *
You hit the kobold but do no damage.
The kobold hits you with a +0 short sword of electrocution.
You die...

#..........# #∩.#
....#####..# #..#
.#.######B(#######..#
.#...!............#.#
.########K.######.#.#
. #..# #.#.# . #..#
#.#.# #..######.#.#
#[....BK@...#
##)######.#.# #.#
#..#.# #.# #.##.#
#.#####.##K#
.).........#
#.#####.#### ### #.#
#.#


You could see a giant cockroach and a kobold.

Vanquished Creatures
  3 endoplasms (D:1)
  3 giant cockroaches (D:1)
  3 hobgoblins
  4 jackals (D:1)
  A quokka (D:1)
  A ball python (D:1)
  2 bats (D:1)
  3 frilled lizards (D:1)
  2 goblins
  4 rats (D:1)
26 creatures vanquished.

Vanquished Creatures (collateral kills)
  2 endoplasms (D:2)
  2 kobolds
  A quokka (D:1)
  A ball python (D:1)
6 creatures vanquished.

Grand Total: 32 creatures vanquished

Notes
Turn   | Place    | Note
-------+----------+-------------------------------------------
     0 | D:1      | Pemander the Spriggan Enchanter began the quest for the
                  | Orb.
     0 | D:1      | Reached XP level 1. HP: 9/9 MP: 5/5
   519 | D:1      | Reached XP level 2. HP: 13/13 MP: 6/6
   540 | D:1      | Learned a level 2 spell: Ensorcelled Hibernation
   542 | D:1      | Learned a level 1 spell: Summon Small Mammal
  1051 | D:1      | Reached skill level 5 in Stealth
  1248 | D:1      | Reached XP level 3. HP: 15/16 MP: 6/8
  2014 | D:2      | Found Duteg's Book Shoppe.
  2200 | D:2      | Slain by a kobold

Illustrated notes

Levels and vault maps discovered:
D:1:      erik_arrival_orb_chamber, layout_basic, minmay_misc_feat_encased
D:2:      minmay_recursive_quarters, layout_loops_ring, serial_shops, shop, shop

Skill      XL: |  1  2 |
---------------+-------+-----
Hexes          | 4 |  4.2
Stealth        | 5 |  5.2
Short Blades   | 2 |  2.1
Dodging        | |  2.6
Spellcasting   | |  2.6

Action                   || total
-------------------------++-------
Melee: Dagger            ||    92
       Punch             ||     2
 Cast: Summon Small Mamm ||    22
       Ensorcelled Hiber ||     4
 Stab: Sleeping          ||    12
Armor: Robe              ||    13
Dodge: Dodged            ||    64
